Map: Dead of Night

Players

Alebay

  • Race: Protoss Protoss
  • Spawn Location: 0:00

MattBarry

  • Race: Protoss Protoss
  • League: Gold
  • Spawn Location: 0:00

VOD

Have the link to the VOD?

Description

Time

  • Played on: Jan. 20, 2023, 8:41 p.m.
  • Length: 21:41
Show
View Real Time Build Order
Export as new Build Order

Alebay Protoss 

Build Orders:  

Get SALT Encoding   

  12  0:02  Probe (Chrono Boost)  
  13  0:16  Probe (Chrono Boost)  
  14  0:26  Pylon  
  14  0:30  Probe (Chrono Boost)  
  15  0:51  Probe (Chrono Boost)  
  15  0:56  Gateway  
  15  0:57  Forge  
  16  1:04  Probe (Chrono Boost)  
  17  1:17  Probe (Chrono Boost)  
  17  1:18  Assimilator  
  18  1:30  Probe (Chrono Boost)  
  19  1:43  Probe (Chrono Boost)  
  20  1:54  Pylon  
  20  1:56  Probe (Chrono Boost)  
  21  2:09  Probe (Chrono Boost)  
  22  2:19  Legionnaire  
  25  2:22  Probe (Chrono Boost)  
  26  2:32  Pylon  
  26  2:35  Probe (Chrono Boost)  
  27  2:48  Legionnaire, Assimilator  
  30  2:50  Probe (Chrono Boost)  
  31  3:03  Photon Cannon  
  31  3:04  Probe (Chrono Boost)  
  32  3:16  Cybernetics Core  
  32  3:17  Probe (Chrono Boost)  
  32  3:18  Legionnaire  
  36  3:20  Pylon  
  36  3:29  Kaldalis' A.I. Personality  
  36  3:30  Probe (Chrono Boost)  
  37  3:42  Purifier Armaments  
  37  3:43  Probe (Chrono Boost)  
  38  3:56  Probe (Chrono Boost)  
  38  3:57  Legionnaire  
  38  3:58  Warp Gate  
  43  4:12  Probe (Chrono Boost)  
  43  4:20  Assimilator  
  43  4:29  Probe (Chrono Boost)  
  45  5:01  Probe (Chrono Boost)  
  45  5:08  Pylon  
  45  5:12  Pylon, Protoss Ground Weapons Level 1  
  45  5:14  Pylon  
  45  5:18  Probe (Chrono Boost)  
  46  5:35  Adept, Probe (Chrono Boost)  
  50  5:52  Probe (Chrono Boost)  
  50  5:57  Talis' A.I. Personality  
  50  6:18  Adept  
  52  6:27  Gateway  
  52  6:30  Gateway  
  52  6:32  Gateway  
  52  6:47  Legionnaire  
  55  7:09  Gateway  
  55  7:16  Gateway  
  55  7:25  Robotics Facility  
  55  7:27  Adept, Robotics Facility  
  55  7:28  Robotics Facility  
  57  7:47  Adept  
  59  8:01  Adept x2  
  59  8:02  Adept  
  65  8:11  Pylon  
  65  8:12  Observation Protocol  
  65  8:16  Pylon  
  65  8:17  Adept  
  65  8:19  Pylon  
  61  8:24  Pylon  
  61  8:29  Pylon  
  58  8:35  Protoss Ground Armor Level 1  
  58  8:40  Adept x3  
  58  8:41  Adept x3  
  70  9:12  Immortal x2  
  70  9:13  Immortal  
  70  9:17  Adept  
  84  9:42  Twilight Council  
  81  10:07  Immortal x2  
  83  10:56  Adept x3  
  83  10:57  Adept x3  
  95  11:01  Charge  
  82  11:47  Psionic Projection  
  82  11:57  Protoss Shields Level 1  
  82  12:01  Adept x2  
  82  12:02  Adept x4  
  82  12:07  Immortal x3  
  106  12:26  Pylon  
  106  12:29  Pylon  
  106  12:31  Pylon  
  106  12:33  Empowered Blades  
  106  12:42  Photon Cannon  
  106  13:02  Immortal  
  104  13:15  Taldarin's A.I. Personality  
  104  13:19  Debilitation System  
  74  13:53  Adept x2  
  74  13:54  Adept x3  
  74  13:55  Adept  
  70  14:18  Adept x2  
  70  14:19  Adept x4  
  66  14:44  Immortal  
  66  14:45  Immortal x2  
  78  14:55  Adept x2  
  70  15:17  Adept x2  
  70  15:18  Adept  
  74  15:26  Adept  
  74  15:28  Adept  
  78  15:39  Immortal  
  80  16:39  Adept x5  
  86  16:40  Adept  
  86  16:45  Immortal  
  86  16:46  Immortal  
  90  17:46  Adept  
  90  17:47  Adept x5  
  82  18:34  Adept x2  
  82  18:35  Adept x4  
  60  19:09  Adept x6  
  50  19:40  Adept x6  
  46  20:14  Adept x5  
Show
View Real Time Build Order
Export as new Build Order

MattBarry Protoss 

Build Orders:  

Get SALT Encoding   

  12  0:04  Probe (Chrono Boost)  
  13  0:22  Pylon  
  13  0:26  Probe (Chrono Boost)  
  15  0:40  Probe (Chrono Boost)  
  15  0:54  Probe (Chrono Boost)  
  16  1:00  Gateway  
  16  1:07  Probe (Chrono Boost)  
  17  1:16  Assimilator  
  17  1:21  Probe (Chrono Boost)  
  18  1:35  Probe (Chrono Boost)  
  19  1:49  Probe (Chrono Boost)  
  20  1:58  Forge  
  20  2:01  Pylon  
  20  2:03  Probe (Chrono Boost)  
  21  2:17  Probe (Chrono Boost)  
  22  2:28  Supplicant x2  
  26  2:31  Protoss Air Weapons Level 1, Protoss Ground Weapons Level 1, Probe (Chrono Boost)  
  27  2:40  Assimilator  
  27  2:45  Probe (Chrono Boost)  
  28  2:58  Probe (Chrono Boost)  
  29  3:04  Cybernetics Core  
  29  3:08  Pylon  
  29  3:12  Probe (Chrono Boost)  
  30  3:26  Probe (Chrono Boost)  
  31  3:42  Supplicant x2  
  31  3:43  Probe (Chrono Boost)  
  36  3:56  Warp Gate  
  37  4:00  Probe (Chrono Boost)  
  37  4:04  Photon Cannon  
  37  4:08  Gateway  
  37  4:17  Probe (Chrono Boost)  
  38  4:21  Pylon  
  38  4:34  Probe (Chrono Boost)  
  38  4:39  Death Council  
  39  4:45  Pylon  
  44  4:51  Probe (Chrono Boost)  
  44  4:52  Pylon  
  45  5:21  Probe (Chrono Boost)  
  45  5:26  Supplicant x2  
  49  5:32  Forge  
  49  5:46  Slayer  
  52  6:20  Probe (Chrono Boost)  
  52  6:29  Robotics Facility  
  52  6:33  Robotics Facility  
  52  6:37  Pylon, Probe (Chrono Boost)  
  53  6:40  Pylon  
  53  6:42  Assimilator  
  53  6:44  Gateway  
  53  6:46  Gateway  
  53  6:51  Supplicant x2  
  53  6:54  Probe (Chrono Boost)  
  59  7:11  Probe (Chrono Boost)  
  59  7:32  Slayer x2  
  47  8:14  Supplicant x2  
  47  8:15  Supplicant x6  
  61  8:32  Vanguard x2  
  63  8:53  Gateway  
  63  8:58  Pylon  
  55  9:00  Gateway  
  49  9:30  Supplicant x6  
  49  9:31  Supplicant x2  
  66  9:42  Probe (Chrono Boost)  
  66  9:59  Probe (Chrono Boost)  
  43  11:04  Supplicant x2  
  43  11:05  Supplicant x6  
  43  11:06  Supplicant x2  
  63  11:32  Vanguard  
  63  11:33  Vanguard  
  63  11:35  Robotics Bay  
  69  11:47  Protoss Shields Level 1  
  65  12:04  Slayer x2  
  65  12:06  Slayer  
  65  12:07  Slayer  
  73  12:10  Protoss Air Weapons Level 2, Protoss Ground Weapons Level 2  
  73  12:27  Pylon  
  73  12:36  Pylon  
  73  12:43  Supplicant x4  
  81  12:56  Pylon  
  77  13:02  Pylon  
  71  14:03  Vanguard x2  
  79  14:10  Supplicant x2  
  63  14:52  Supplicant x2  
  63  14:53  Supplicant x4  
  63  14:55  Supplicant x2  
  63  14:58  Vanguard x2  
  69  15:23  Probe (Chrono Boost)  
  64  15:53  Wraithwalker x2  
  64  16:00  Supplicant x6  
  88  16:12  Blood Shields  
  88  16:50  Supplicant x2  
  92  17:08  Wraithwalker  
  98  17:12  Soul Augmentation  
  92  18:23  Vanguard x2  
  96  18:42  Supplicant x2  
  100  19:06  Pylon  
  100  19:08  Pylon  
  100  19:09  Pylon  
  100  19:31  Vanguard x2  
Tags
 
Commander
AlarakFenix
League
Gold
Matchup
Co-op
Replay Pack
Multiplayer
Add a new tag
Caveats
  • Supply blocks, unpowered buildings, or Contaminate may cause inaccurate times.
  • Supply counts are checked every 10 seconds.